AoeStats
← Tolili

Arabia

510822841Analyzed
2v2 RM · 19h ago on Oct 2, 2026· 46m 53s· 4 players
Game mode
Random Map
Map size
Medium (4 player)
Population
200
Speed
Normal
Resources
Standard
Victory
Conquest
Starting age
Dark Age
Ending age
Imperial Age
RankedLock teamsTeams togetherTeam positionsShared explorationLock speedFull tech treeHidden civsTurbo modeCheats
Victory
Defeat
🇪🇸 Maya · Spain
1358
+13
🇪🇸 Persians · Spain
1256
+17
🇩🇪 Mongols · Germany
1283
-15
🇩🇪 Vietnamese · Germany
1281
-15
Bonshigh
6:17 Loom
8:58 Feudal Age
9:30 Double-Bit Axe
13:17 Horse Collar
16:05 Fletching
21:17 Castle Age
22:18 Bloodlines
22:38 Padded Archer Armor
23:09 Bow Saw
24:54 Stone Mining
24:59 Gold Mining
25:20 Town Watch
26:55 Elite Skirmisher
29:36 Padded Archer Armor
30:25 Heavy Plow
32:10 Wheelbarrow
33:54 Hand Cart
34:41 Thumb Ring
39:01 Imperial Age
37:48 Bodkin Arrow
40:20 Leather Archer Armor
40:28 Capped Ram
42:02 Ring Archer Armor
41:46 Imperial Skirmisher
43:01 Clinker Construction
44:05 Chemistry
43:26 Ballistics
43:38 Bracer
ippowl
7:58 Feudal Age
8:06 Loom
9:10 Double-Bit Axe
19:27 Castle Age
17:37 Gold Mining
17:42 Horse Collar
18:11 Fletching
18:33 Bloodlines
18:58 Padded Archer Armor
20:11 Bodkin Arrow
20:20 Husbandry
22:47 Wheelbarrow
28:47 Ballistics
31:28 Imperial Age
30:21 Bow Saw
32:09 Bracer
33:00 Leather Archer Armor
35:44 Town Watch
39:37 Thumb Ring
Tolili
6:54 Loom
9:16 Feudal Age
10:03 Double-Bit Axe
17:58 Wheelbarrow
20:53 Castle Age
20:16 Bloodlines
20:14 Scale Barding Armor
20:02 Gold Mining
20:02 Horse Collar
21:45 Chain Barding Armor
23:10 Town Watch
23:39 Bow Saw
26:30 Husbandry
28:29 Forging
34:51 Imperial Age
33:14 Hand Cart
35:51 Plate Barding Armor
36:08 Conscription
35:33 Heavy Camel Rider
38:03 Heavy Plow
39:35 Iron Casting
40:20 Two-Man Saw
44:27 Cavalier
46:22 Blast Furnace
45:57 Crop Rotation
45:31 Savar
blerasdg
0:27 Loom
9:19 Feudal Age
9:56 Double-Bit Axe
11:14 Horse Collar
15:52 Fletching
16:18 Padded Archer Armor
23:46 Castle Age
21:42 Gold Mining
23:47 Crossbowman
24:25 Bodkin Arrow
24:49 Bow Saw
24:50 Heavy Plow
26:03 Leather Archer Armor
26:12 Ballistics
27:22 Thumb Ring
27:08 Town Watch
31:39 Wheelbarrow
40:09 Imperial Age
38:47 Hand Cart
38:32 Town Patrol
40:24 Stone Mining
40:12 Arbalester
40:55 Bracer
42:11 Chemistry
42:29 Ring Archer Armor
43:23 Forging
43:13 Scale Mail Armor
44:41 Iron Casting
43:31 Man-at-Arms
44:11 Squires
43:57 Arson
43:46 Eagle Warrior
45:07 Chain Mail Armor
Connection lost

Rejoining the realm…

Still unreachable

The connection could not be restored.

Session expired

The server has moved on; the page needs a fresh start.